 Dungeon Crawl Stone Soup version 0.18-a0-946-g3ac5b32 (webtiles) character file.

238 filipzpl the Skirmisher (level 5, 0/50 HPs)
             Began as a Minotaur Fighter on Dec 29, 2015.
             Slain by an orc wizard
             ... wielding a +0 dagger
              (2 damage)
             ... on level 3 of the Dungeon.
             The game lasted 00:03:56 (1336 turns).

filipzpl the Skirmisher (Minotaur Fighter)          Turns: 1336, Time: 00:03:57

Health: 0/50       AC:  7    Str: 22    XL:     5   Next: 78%
Magic:  4/4        EV:  7    Int:  9    God:
Gold:   140        SH: 14    Dex:  9    Spells: 0 memorised, 4 levels left

rFire  . . .     SeeInvis .     a - +1 war axe
rCold  . . .     Gourm    .     b - +0 scale mail
rNeg   . . .     Faith    .     c - +0 shield
rPois  .         Spirit   .     (helmet restricted)
rElec  .         Dismiss  .     (no cloak)
rCorr  .         Reflect  +     (no gloves)
SustAt .         Harm     .     (no boots)
MR     .....                    m - +5 amulet of reflection
Stlth  +.........               i - +4 ring of intelligence
                                o - ring of stealth

@: lethally poisoned (0 -> -9), slowed, very slow, not resistant to hostile
enchantments, very unstealthy
A: retaliatory headbutt, horns 2
a: no special abilities


You were on level 3 of the Dungeon.
You were hungry.

You visited 1 branch of the dungeon, and saw 3 of its levels.

You collected 140 gold pieces.

Inventory:

Hand Weapons
 a - a +1 war axe (weapon)
Armour
 b - a +0 scale mail (worn)
 c - a +0 shield (worn)
Jewellery
 i - a +4 ring of intelligence (right hand)
 m - a +5 amulet of reflection (around neck)
 o - a ring of stealth (left hand)
Scrolls
 e - 2 scrolls of magic mapping
 h - 3 scrolls of remove curse
Potions
 d - a potion of might
 g - 3 potions of curing {unknown}
 j - a potion of brilliance {unknown}
 p - a potion of experience {unknown}
 r - a potion of cure mutation {unknown}
 t - a potion of degeneration {unknown}
 u - a potion of heal wounds {unknown}
Comestibles
 f - a bread ration
 l - 2 meat rations
 s - a royal jelly
 v - 2 fruits


   Skills:
 * Level 6.0 Fighting
 * Level 4.6 Axes
 + Level 4.7 Armour
 - Level 3.6 Shields


You had 4 spell levels left.
You didn't know any spells.

Dungeon Overview and Level Annotations

Branches:
Dungeon (3/15)

Altars:
Makhleb


Innate Abilities, Weirdness & Mutations

You reflexively headbutt those who attack you in melee.
You have a pair of horns on your head.


Message History

You closely miss something.
You feel very sick. You block the orc wizard's attack.
Something hits you but does no damage. The orc wizard hits you with a dagger.
* * * LOW HITPOINT WARNING * * *
Something hits you.
* * * LOW HITPOINT WARNING * * *
The orc wizard hits you with a dagger.
* * * LOW HITPOINT WARNING * * *
You are too injured to fight recklessly!
You hit the orc wizard.
The orc wizard is almost dead.
You closely miss something.
* * * LOW HITPOINT WARNING * * *
You feel sick.
The orc wizard points at you and mumbles some strange words.
The magic dart hits you!
* * * LOW HITPOINT WARNING * * *
Something hits you.
You die...

#.# #..,,...#.# *,,* *,*** #.#
#########.# *,,* *,,,, #.# #.#
*,,* ***** ..# #.# *,,# **
#############.##### *,.# *,
............(.....###..#********,
###########.#.........,,,,,,,,,*,
##.###.##{.##***,*****,*, #.##
##.@o.# *,* *,*, # ##<#*#.##†##
*,*****,*, ## ##b#.#**.#
*,,,,**,*, ^# **...* *.#
****,**,*, .# *....#
*.#********,**,*, .# #....#
*..,,,,,,**,**,*, ##***** #.####
*##*****,**,*,,,, ..,,,,* #.*
*,**,*,,** ###**,* *,* *,*,,,,,*


You could see an orc wizard.

Vanquished Creatures
  A hound (D:2)
  An orc wizard (D:3)
  6 gnolls
  Robin (D:3)
  3 adders (D:2)
  An ooze (D:1)
  2 worms (D:2)
  2 giant geckos
  2 orcs (D:3)
  A ball python (D:1)
  18 goblins
  7 hobgoblins
  2 jackals (D:1)
  7 kobolds
  9 bats
  5 giant newts
  A jackal skeleton (D:3)
  6 rats
75 creatures vanquished.

Notes
Turn   | Place    | Note
--------------------------------------------------------------
     0 | D:1      | filipzpl the Minotaur Fighter began the quest for the Orb.
     0 | D:1      | Reached XP level 1. HP: 19/19 MP: 0/0
    25 | D:1      | Reached XP level 2. HP: 20/27 MP: 1/1
   113 | D:1      | Reached skill level 4 in Fighting
   350 | D:1      | Reached XP level 3. HP: 34/34 MP: 2/2
   728 | D:2      | Reached XP level 4. HP: 41/41 MP: 3/3
   736 | D:2      | Found a faded altar to an unknown god.
   803 | D:2      | Reached skill level 5 in Fighting
   859 | D:2      | Found a burning altar of Makhleb.
   922 | D:2      | Reached XP level 5. HP: 26/48 MP: 4/4
  1250 | D:3      | Noticed Robin
  1265 | D:3      | Killed Robin
  1330 | D:3      | Reached skill level 6 in Fighting
  1336 | D:3      | HP: 2/50 [orc wizard/magic dart (4)]
  1336 | D:3      | Slain by an orc wizard

Vault maps used:
D:1:      dpeg_arrival_windows_large_door
D:2:      makhleb_blood_cavern_becter, ecumenical_altar_2
D:3:      bloody_trog, uniq_robin

Action                   |  1- 3 |  4- 6 || total
-------------------------+-------+-------++-------
Melee: War axe           |    68 |    90 ||   158
  Use: Scroll            |       |     8 ||     8
  Eat: Chunk             |       |     1 ||     1
